Map: [ESL] Cosmic Sapphire

Players

RiSky - Winner!

  • Race: Zerg Zerg
  • Spawn Location: 5:00

Probe

  • Race: Protoss Protoss
  • Spawn Location: 11:00

Event: DreamHack SC2 Masters 2022 Atlanta (Online)

VOD

Have the link to the VOD?

Description

Time

  • Played on: Sept. 29, 2022, 6:14 a.m.
  • Length: 21:36

All games in this series

Show
View Real Time Build Order
Export as new Build Order

RiSky Zerg - Winner!

Build Orders: Hatch First, Lurkers 

Get SALT Encoding   

  12  0:00  Drone  
  13  0:12  Overlord  
  13  0:17  Drone  
  14  0:31  Drone x2  
  16  0:51  Hatchery  
  16  0:54  Drone  
  16  0:57  Drone  
  17  1:00  Drone  
  18  1:10  Extractor  
  17  1:16  Spawning Pool  
  17  1:18  Drone  
  17  1:22  Drone  
  18  1:28  Drone  
  19  1:38  Drone  
  20  1:50  Drone  
  21  1:59  Overlord  
  21  2:02  Queen  
  21  2:03  Queen  
  21  2:04  Zergling x2  
  26  2:13  Drone  
  26  2:14  Drone  
  28  2:22  Metabolic Boost  
  28  2:24  Drone  
  28  2:25  Drone  
  30  2:36  Hatchery  
  29  2:38  Drone  
  30  2:44  Queen  
  30  2:49  Overlord  
  32  2:52  Drone  
  32  2:54  Drone x2  
  35  2:58  Drone  
  36  3:08  Drone x2  
  36  3:12  Drone x3  
  41  3:19  Overlord  
  41  3:20  Queen  
  41  3:24  Drone  
  44  3:31  Overlord  
  44  3:36  Spore Crawler, Queen  
  44  3:37  Drone  
  44  3:39  Drone  
  47  3:43  Drone  
  47  3:46  Drone x2  
  47  3:47  Drone  
  51  3:48  Drone  
  51  3:52  Drone  
  51  3:53  Overlord  
  51  3:54  Drone x2  
  51  3:55  Drone  
  56  3:57  Queen  
  56  4:00  Zergling x2  
  59  4:06  Drone x2, Evolution Chamber  
  60  4:10  Drone  
  61  4:17  Overlord  
  61  4:18  Drone x2  
  61  4:19  Drone x2  
  61  4:22  Drone  
  61  4:23  Zergling x4  
  68  4:26  Spore Crawler, Drone  
  68  4:28  Overlord  
  68  4:29  Drone  
  69  4:31  Spore Crawler  
  69  4:33  Drone x3  
  69  4:35  Queen  
  73  4:41  Drone x2  
  73  4:44  Drone  
  76  4:49  Drone  
  76  4:50  Zerg Melee Weapons Level 1, Overlord  
  77  4:53  Drone  
  77  4:58  Baneling Nest  
  77  5:00  Hatchery  
  77  5:04  Drone  
  77  5:05  Drone x6  
  81  5:08  Extractor  
  81  5:10  Drone x2, Extractor  
  81  5:13  Extractor  
  80  5:16  Lair  
  80  5:18  Drone x3  
  80  5:19  Drone x2  
  85  5:22  Overlord  
  85  5:25  Drone  
  85  5:30  Zergling x2  
  85  5:31  Zergling x6  
  85  5:35  Hatchery, Overlord  
  88  5:40  Queen, Overlord  
  88  5:42  Zergling x6  
  93  5:45  Zergling x4  
  93  5:46  Zergling x4  
  93  5:49  Overlord  
  97  5:51  Overlord  
  97  5:56  Zergling x12  
  103  6:04  Extractor  
  103  6:08  Drone x2  
  103  6:09  Drone  
  103  6:10  Drone  
  106  6:12  Drone x2  
  106  6:18  Drone x2  
  109  6:19  Spore Crawler  
  109  6:20  Drone x2  
  109  6:23  Overlord  
  109  6:24  Overlord  
  109  6:26  Drone  
  109  6:29  Hydralisk Den, Drone x2  
  109  6:30  Zergling x4  
  113  6:35  Centrifugal Hooks  
  113  6:36  Zergling x6  
  113  6:39  Evolution Chamber  
  115  6:42  Zergling x12  
  115  6:43  Pneumatized Carapace  
  115  6:45  Zerg Melee Weapons Level 2  
  121  6:48  Zergling x4  
  121  6:49  Zergling x2  
  121  6:52  Zergling x6  
  128  6:54  Zergling x6  
  128  6:58  Zergling x10  
  134  7:04  Hatchery  
  134  7:05  Zergling x6  
  135  7:08  Muscular Augments  
  135  7:11  Zergling x4, Zerg Missile Weapons Level 1  
  135  7:12  Zergling x4  
  135  7:15  Zergling x12  
  145  7:19  Zergling x6  
  145  7:20  Zergling x2  
  145  7:22  Zergling x2  
  150  7:26  Overlord  
  150  7:28  Overlord  
  150  7:29  Baneling x13  
  149  7:32  Overlord  
  149  7:41  Drone  
  149  7:43  Overlord x2  
  150  7:46  Drone  
  150  7:52  Baneling  
  150  7:53  Baneling x2  
  150  7:54  Drone x2  
  150  7:55  Drone x5  
  150  7:57  Hydralisk  
  150  7:58  Hydralisk x7  
  159  8:00  Overlord x2  
  159  8:05  Hydralisk x3  
  179  8:14  Hydralisk  
  179  8:15  Hydralisk x4  
  189  8:20  Grooved Spines  
  189  8:21  Drone x6  
  189  8:25  Hydralisk  
  189  8:26  Hydralisk  
  198  8:36  Baneling x8  
  198  8:55  Extractor  
  197  8:56  Baneling x11  
  193  9:10  Infestation Pit  
  193  9:16  Extractor  
  189  9:17  Extractor  
  189  9:19  Zergling x22  
  189  9:20  Zergling x16  
  195  9:31  Zergling x12, Hatchery  
  195  9:37  Zergling x20  
  198  9:40  Zergling x8  
  198  9:41  Zergling x2  
  198  9:43  Zerg Missile Weapons Level 2  
  198  9:45  Zerg Ground Armor Level 1  
  198  9:48  Baneling x14  
  198  9:50  Baneling x3  
  198  10:02  Zergling x14  
  198  10:05  Zergling x14  
  198  10:06  Zergling x8  
  196  10:10  Zergling x6  
  168  10:17  Hydralisk  
  168  10:18  Hydralisk x9  
  171  10:22  Hive  
  162  10:28  Zergling x12  
  162  10:31  Extractor  
  163  10:36  Zergling x4  
  163  10:37  Zergling x10  
  163  10:40  Zergling x2  
  170  10:43  Zergling x6  
  170  10:49  Drone x4  
  172  10:56  Lurker Den  
  172  10:57  Zergling x2, Unknown  
  172  10:58  Zergling x10  
  172  11:00  Hydralisk  
  172  11:03  Hydralisk x3  
  185  11:10  Hydralisk x2  
  189  11:12  Zergling x10  
  189  11:16  Zergling x6  
  195  11:19  Zergling x10  
  195  11:21  Baneling x12  
  195  11:22  Baneling x8  
  200  11:29  Spine Crawler x2  
  200  11:30  Spine Crawler  
  197  11:39  Zergling x6  
  190  11:50  Zergling x32  
  189  11:58  Zergling x20  
  189  11:59  Seismic Spines  
  196  12:03  Hydralisk x2  
  197  12:08  Zergling x2  
  197  12:09  Zergling x4  
  195  12:27  Zerg Missile Weapons Level 3, Zerg Melee Weapons Level 3  
  195  12:29  Adrenal Glands  
  195  12:31  Baneling x19  
  195  12:32  Baneling x12  
  195  12:38  Zergling x10  
  199  12:48  Hatchery  
  198  12:56  Adaptive Talons  
  188  12:59  Zergling x8  
  188  13:00  Zergling x14  
  191  13:13  Lurker x3  
  191  13:14  Lurker x6  
  200  13:33  Zergling x8  
  200  13:34  Zergling x12  
  188  13:47  Zergling x2  
  188  13:48  Zergling x36  
  199  14:02  Hydralisk x9  
  182  14:05  Hydralisk  
  192  14:11  Hydralisk x4  
  200  14:29  Lurker x4  
  189  14:47  Lurker x12  
  190  15:03  Zerg Ground Armor Level 2  
  190  15:04  Hydralisk  
  190  15:05  Hydralisk x6  
  199  15:10  Hydralisk x2  
  197  15:14  Spire x2  
  192  15:26  Spine Crawler  
  192  15:27  Spine Crawler x2  
  177  15:40  Zergling x10  
  177  15:41  Zergling x44  
  157  15:50  Hydralisk x4  
  156  15:57  Hydralisk  
  156  15:58  Hydralisk x5  
  156  16:01  Hydralisk  
  170  16:04  Hydralisk x6  
  182  16:13  Hydralisk x2  
  182  16:14  Hydralisk x2  
  182  16:17  Baneling x11  
  182  16:18  Baneling x27  
  190  16:19  Zergling x12  
  190  16:23  Hatchery  
  195  16:28  Greater Spire  
  195  16:33  Extractor  
  195  16:37  Zergling x10  
  195  16:48  Zergling x10  
  192  17:08  Zergling x6  
  179  17:16  Zergling x38  
  179  17:18  Zergling x2  
  191  17:23  Overlord x3  
  191  17:29  Baneling x8  
  163  17:38  Corruptor x16  
  163  17:42  Zerg Ground Armor Level 3  
  189  17:51  Viper x2  
  183  17:53  Zergling x10  
  183  17:54  Zergling x10  
  183  17:58  Overseer  
  199  18:05  Zergling x2  
  200  18:10  Overseer  
  200  18:18  Zergling x8  
  198  18:48  Baneling  
  198  18:49  Baneling x2  
  198  18:58  Hatchery  
  193  19:03  Zergling x16  
  200  19:16  Zergling x38  
  168  19:33  Brood Lord x10  
  168  19:36  Hydralisk x5  
  198  19:43  Baneling x4  
  198  19:53  Baneling x17  
  195  20:02  Corruptor  
  197  20:11  Corruptor x2, Hatchery  
  167  20:37  Zergling x40  
  172  20:46  Zergling x2  
  172  20:49  Hydralisk x5  
  171  20:55  Queen  
  174  21:01  Zergling x12  
  178  21:11  Baneling x8  
Show
View Real Time Build Order
Export as new Build Order

Probe Protoss 

Build Orders: 1 Gate Expand, Oracle Opening 

Get SALT Encoding   

  12  0:00  Probe  
  13  0:12  Probe  
  14  0:17  Pylon  
  14  0:24  Probe  
  15  0:37  Probe (Chrono Boost)  
  15  0:41  Gateway  
  16  0:49  Probe (Chrono Boost), Assimilator  
  17  0:54  Probe (Chrono Boost)  
  18  1:03  Probe  
  19  1:15  Probe  
  20  1:23  Nexus  
  20  1:33  Cybernetics Core  
  20  1:36  Probe  
  21  1:43  Assimilator  
  21  1:48  Probe  
  21  1:53  Pylon  
  22  2:00  Probe (Chrono Boost)  
  23  2:11  Adept  
  23  2:12  Probe (Chrono Boost)  
  26  2:20  Probe (Chrono Boost)  
  26  2:22  Stargate  
  27  2:26  Probe (Chrono Boost)  
  28  2:30  Warp Gate  
  30  2:38  Probe x2 (Chrono Boost)  
  30  2:41  Adept  
  33  2:45  Probe (Chrono Boost)  
  33  2:46  Probe (Chrono Boost)  
  33  2:50  Probe (Chrono Boost)  
  34  2:54  Probe  
  36  3:02  Oracle (Chrono Boost), Probe  
  40  3:06  Probe  
  40  3:09  Pylon  
  41  3:14  Probe  
  41  3:18  Probe  
  43  3:26  Probe  
  44  3:31  Probe  
  44  3:32  Oracle  
  48  3:38  Probe  
  48  3:39  Nexus  
  48  3:40  Pylon  
  49  3:44  Probe  
  50  3:50  Probe  
  50  3:51  Twilight Council  
  50  3:54  Assimilator  
  51  3:57  Probe  
  51  4:02  Probe  
  53  4:06  Gateway  
  53  4:08  Gateway  
  53  4:09  Probe  
  54  4:11  Gateway  
  54  4:14  Probe  
  55  4:21  Probe  
  56  4:25  Pylon  
  56  4:26  Probe, Blink (Chrono Boost)  
  56  4:27  Stalker  
  59  4:33  Probe  
  60  4:38  Probe  
  60  4:45  Probe  
  62  4:46  Pylon  
  62  4:47  Forge  
  62  4:51  Probe x2  
  64  4:57  Probe (Chrono Boost)  
  64  4:58  Shield Battery  
  65  5:04  Stalker  
  65  5:06  Probe (Chrono Boost), Stalker x2  
  68  5:08  Probe (Chrono Boost)  
  68  5:09  Probe (Chrono Boost), Stalker  
  68  5:13  Protoss Ground Weapons Level 1 (Chrono Boost)  
  72  5:16  Shield Battery  
  72  5:18  Probe (Chrono Boost)  
  72  5:19  Probe (Chrono Boost)  
  72  5:20  Probe (Chrono Boost)  
  75  5:23  Probe (Chrono Boost)  
  75  5:24  Probe (Chrono Boost)  
  75  5:27  Probe  
  78  5:28  Photon Cannon  
  78  5:29  Stalker  
  78  5:32  Stalker  
  82  5:38  Probe  
  82  5:39  Probe  
  84  5:45  Pylon  
  84  5:47  Nexus  
  84  5:52  Assimilator  
  84  5:55  Pylon  
  84  5:56  Gateway  
  84  6:01  Gateway  
  84  6:04  Shield Battery, Stalker  
  84  6:05  Stalker  
  84  6:07  Stalker  
  90  6:11  Probe x2  
  90  6:12  Photon Cannon  
  90  6:16  Stalker  
  94  6:25  Forge  
  94  6:26  Gateway  
  94  6:28  Gateway  
  94  6:31  Gateway  
  94  6:32  Gateway  
  94  6:35  Photon Cannon, Probe (Chrono Boost)  
  96  6:40  Charge (Chrono Boost), Probe (Chrono Boost)  
  96  6:45  Stalker  
  96  6:47  Probe x2 (Chrono Boost)  
  100  6:50  Probe (Chrono Boost)  
  101  6:55  Stalker x2  
  101  6:56  Stalker x2  
  101  6:57  Probe  
  110  7:08  Protoss Ground Weapons Level 2 (Chrono Boost)  
  110  7:11  Probe, Protoss Ground Armor Level 1 (Chrono Boost)  
  110  7:13  Zealot  
  110  7:14  Zealot  
  115  7:19  Templar Archives, Probe x2  
  115  7:20  Pylon x2  
  117  7:28  Zealot x3  
  123  7:31  Pylon  
  123  7:32  Pylon x2  
  123  7:34  Probe  
  124  7:39  Robotics Facility  
  124  7:42  Zealot  
  124  7:43  Zealot x6  
  138  7:54  Psionic Storm  
  138  7:59  Probe x2  
  138  8:01  Assimilator x2  
  138  8:04  Nexus  
  140  8:06  High Templar, Pylon  
  140  8:07  High Templar  
  140  8:10  Zealot x5  
  154  8:19  High Templar  
  156  8:22  Pylon  
  156  8:23  Probe x2  
  156  8:24  Pylon  
  156  8:36  Photon Cannon, High Templar  
  156  8:37  Observer (Chrono Boost), Photon Cannon  
  156  8:38  Shield Battery  
  159  8:42  Shield Battery  
  159  8:43  Probe  
  159  8:47  Zealot x8  
  173  8:52  Probe  
  173  8:54  Warp Prism  
  176  9:02  Stalker  
  178  9:08  Photon Cannon  
  178  9:09  Photon Cannon  
  176  9:16  Pylon  
  176  9:19  High Templar x4  
  176  9:20  Zealot x5  
  176  9:22  Probe  
  176  9:23  Archon  
  176  9:24  Archon  
  175  9:25  Zealot  
  175  9:26  Probe  
  175  9:30  Probe  
  179  9:36  Probe x3  
  159  9:39  Probe  
  159  9:42  Probe  
  159  9:44  High Templar x3  
  154  9:47  Immortal (Chrono Boost)  
  154  9:48  Probe x3  
  154  9:50  Gateway  
  154  9:51  Gateway, Probe  
  162  9:53  Archon  
  162  9:54  Probe  
  163  10:00  Zealot x3, Probe x3, Assimilator  
  163  10:01  Assimilator  
  163  10:03  Probe  
  163  10:05  Zealot  
  163  10:06  Zealot x2, Probe  
  168  10:10  Zealot  
  168  10:12  Probe  
  153  10:15  Probe  
  153  10:18  Zealot x3  
  139  10:23  Probe x2  
  139  10:26  Zealot x3  
  144  10:28  Probe x2  
  139  10:41  Probe  
  131  10:52  Probe x4  
  131  10:53  Probe  
  136  10:57  High Templar x2  
  136  10:58  High Templar x6  
  136  10:59  Photon Cannon  
  136  11:01  Photon Cannon  
  136  11:03  Photon Cannon  
  136  11:04  Probe x4, Photon Cannon  
  155  11:09  Shield Battery, Zealot  
  155  11:10  Zealot  
  158  11:14  Photon Cannon  
  158  11:16  Shield Battery, Archon  
  158  11:17  Archon x2  
  158  11:18  Archon  
  156  11:19  Immortal (Chrono Boost)  
  160  11:26  Assimilator  
  160  11:27  Probe x3  
  163  11:33  High Templar x4  
  163  11:34  Zealot  
  163  11:35  Zealot x5  
  181  11:41  Robotics Facility, Archon  
  181  11:42  Archon  
  159  11:55  Probe x3  
  159  11:58  Immortal (Chrono Boost)  
  159  12:00  Zealot x3  
  159  12:01  Protoss Ground Armor Level 2 (Chrono Boost), Zealot x3, Protoss Ground Weapons Level 3 (Chrono Boost)  
  172  12:06  Probe x2  
  170  12:11  Probe x2  
  172  12:18  Robotics Facility  
  172  12:22  High Templar x2  
  172  12:26  Photon Cannon  
  172  12:27  Photon Cannon  
  172  12:28  Photon Cannon x2  
  174  12:30  Archon, Photon Cannon  
  174  12:31  Photon Cannon  
  174  12:32  Photon Cannon  
  174  12:33  Observer (Chrono Boost)  
  174  12:36  Observer (Chrono Boost), Probe x2  
  178  12:40  Zealot, Assimilator  
  178  12:41  Zealot x5  
  184  12:54  High Templar  
  184  12:55  High Templar  
  188  12:58  Immortal (Chrono Boost)  
  176  13:13  Immortal x2 (Chrono Boost), Pylon  
  176  13:17  Pylon  
  184  13:23  Zealot x5  
  184  13:24  Zealot x3  
  196  13:39  Stalker x2  
  186  13:46  Probe  
  186  13:47  Probe x2  
  175  13:51  High Templar  
  175  13:52  High Templar x3  
  175  13:54  Shield Battery  
  183  13:56  Fleet Beacon  
  183  13:58  Zealot x5, Stargate  
  183  14:00  Probe  
  183  14:01  Shield Battery, Probe  
  183  14:02  Stargate  
  183  14:07  Zealot  
  171  14:12  Probe x2  
  171  14:13  Probe x3  
  176  14:22  Photon Cannon  
  176  14:23  Observer x2, Immortal, Photon Cannon  
  176  14:24  Probe  
  183  14:34  High Templar x2  
  183  14:35  Zealot x2, Archon  
  183  14:36  Zealot x2  
  183  14:37  Probe  
  194  14:39  Adept  
  194  14:44  Immortal  
  200  14:50  Observer x2  
  200  14:57  Observer  
  190  15:23  Shield Battery  
  190  15:25  Pylon  
  190  15:27  Shield Battery  
  184  15:29  Zealot x9  
  184  15:30  Zealot  
  147  15:50  Zealot x3, High Templar x6  
  147  15:51  Zealot  
  147  15:56  Archon x2  
  167  15:57  Carrier x3  
  185  16:06  Gateway  
  185  16:08  Gateway  
  185  16:09  Gateway  
  185  16:11  High Templar  
  187  16:14  Nexus  
  187  16:15  Photon Cannon  
  187  16:16  Zealot x3  
  187  16:17  Photon Cannon  
  193  16:26  Protoss Shields Level 1, Protoss Ground Armor Level 3 (Chrono Boost)  
  193  16:32  Pylon  
  193  16:33  Stalker  
  193  16:35  Protoss Air Weapons Level 1 (Chrono Boost)  
  195  16:45  Nexus  
  195  16:48  Pylon  
  195  16:51  Pylon  
  181  17:15  Photon Cannon  
  163  17:16  Photon Cannon  
  163  17:17  High Templar x4  
  163  17:18  Photon Cannon, High Templar x9  
  163  17:20  Photon Cannon  
  163  17:21  Archon  
  163  17:22  Archon x5  
  156  17:24  Shield Battery  
  156  17:25  Shield Battery, Immortal x3  
  151  17:51  Zealot x2, High Templar x6  
  157  17:52  Zealot x5  
  157  17:57  Archon x2  
  177  18:04  Carrier  
  183  18:07  Pylon  
  183  18:08  Observer x2  
  184  18:20  Nexus  
  184  18:21  Carrier  
  184  18:22  Zealot x3  
  184  18:23  Zealot x2  
  198  18:55  Shield Battery  
  198  18:58  Shield Battery  
  198  18:59  Protoss Shields Level 2 (Chrono Boost)  
  198  19:01  Photon Cannon  
  198  19:02  Photon Cannon  
  188  19:04  Photon Cannon  
  178  19:14  Protoss Air Weapons Level 2 (Chrono Boost)  
  178  19:15  Zealot x6  
  176  19:18  Zealot  
  159  19:27  Zealot x2  
  159  19:29  High Templar x2  
  167  19:33  Archon  
  167  19:34  High Templar x2  
  167  19:35  High Templar  
  167  19:37  Observer  
  174  19:40  Archon  
  174  19:44  Zealot x2  
  178  19:46  Observer  
  178  19:47  Observer  
  176  20:04  High Templar x4  
  176  20:05  Zealot x6  
  192  20:09  Archon x2  
  192  20:10  Probe  
  192  20:12  Unknown  
  191  20:23  Void Ray  
  184  20:31  Zealot x6  
  173  20:39  Zealot x3  
  160  20:45  Zealot x2  
  140  20:55  High Templar  
  140  20:56  High Templar x4  
  135  21:02  Archon  
  135  21:03  Archon  
  135  21:04  Zealot x2  
  130  21:11  High Templar x2  
  116  21:27  Zealot  
  116  21:28  Zealot x3  
Tags
 
Add a new tag
Caveats
  • Supply blocks, unpowered buildings, or Contaminate may cause inaccurate times.
  • Supply counts are checked every 10 seconds.